 Dungeon Crawl Stone Soup version 0.21.1-1-g345015f (webtiles) character file.

103 joklet the Magician (level 4, -5/24 HPs)
             Began as a Deep Elf Conjurer on Mar 14, 2018.
             Slain by an iguana (12 damage)
             ... on level 3 of the Dungeon.
             The game lasted 00:06:28 (2044 turns).

joklet the Magician (Deep Elf Conjurer)             Turns: 2044, Time: 00:06:29

Health: -5/24      AC:  4    Str:  5    XL:     4   Next: 51%
Magic:  3/14       EV: 13    Int: 21    God:
Gold:   129        SH:  0    Dex: 15    Spells: 13/16 levels left

rFire    . . .     SeeInvis .   (no weapon)
rCold    . . .     Gourm    .   (no shield)
rNeg     . . .     Faith    .   a - +0 robe
rPois    .         Spirit   .   (no helmet)
rElec    .         Reflect  .   e - +1 cloak
rCorr    .         Harm     .   (no gloves)
MR       .....                  (no boots)
Stlth    ++........             (no amulet)
HPRegen  0.08/turn              (no ring)
MPRegen  0.14/turn              (no ring)

@: no status effects
A: no striking features
a: no special abilities


You were on level 3 of the Dungeon.
You were not hungry.

You visited 1 branch of the dungeon, and saw 3 of its levels.

You collected 129 gold pieces.

Inventory:

Armour
 a - a +0 robe (worn)
 e - a +1 cloak (worn)
Scrolls
 d - a scroll of random uselessness {unknown}
 f - 2 scrolls of identify {unknown}
 h - a scroll of teleportation
 j - 2 scrolls of fear {unknown}
 l - a scroll of fog {unknown}
 q - 2 scrolls of enchant armour {unknown}
 r - a scroll of immolation {unknown}
 u - a scroll of blinking {unknown}
Potions
 g - a potion of lignification {unknown}
 k - a potion of berserk rage {unknown}
 m - a potion of curing {unknown}
 n - a potion of flight {unknown}
 o - 2 potions of ambrosia {unknown}
 p - a potion of heal wounds {unknown}
 s - 3 potions of brilliance {unknown}
Books
 b - a book of Conjurations

   Spells                             Type                      Level
   a - Magic Dart                     Conjuration                  1
   b - Searing Ray                    Conjuration                  2
   c - Dazzling Spray                 Conjuration/Hexes            3
   d - Fulminant Prism                Conjuration/Hexes            4
   e - Force Lance                    Conjuration/Translocation    4
   f - Iskenderun's Mystic Blast      Conjuration                  4
Comestibles
 c - 5 rations
 t - a chunk of flesh


   Skills:
 - Level 2.4 Dodging
 - Level 2.4 Stealth
 + Level 6.5 Spellcasting
 - Level 4.3 Conjurations


You had 13 spell levels left.
You knew the following spells:

 Your Spells              Type           Power        Failure   Level  Hunger
a - Magic Dart            Conj           ####         1%          1    None
b - Searing Ray           Conj           ####..       2%          2    None


Dungeon Overview and Level Annotations

Branches:
Dungeon (3/15)

Altars:


Message History

The iguana barely misses you. The iguana bites you!
Ouch! That really hurt!
* * * LOW HITPOINT WARNING * * *
The iguana hisses menacingly.
You see here 12 sling bullets.
A frilled lizard comes into view.
You see here a worm corpse.
The iguana hisses menacingly.
Casting: Searing Ray
Confirm with . or Enter, or press ? or * to list all spells.
Aiming: Searing Ray
Press: ? - help, Shift-Dir - straight line, f/p - iguana
Aim: an iguana (moderately wounded)
The searing ray hits the iguana.
The iguana is heavily wounded. (Press . to maintain the ray.)
The iguana bites you!
Ouch! That really hurt!
You die...

#.# ##.# ### # ... .. .#. ###
..# #. ##.. .. #.# #.## ....
#.##[# #..####.#..########
#..#.#####......##.....<...
..####.#..#....................
......"........l@.†###.........
..####..##.......†<............
##.##.........##..........
#.#..........# #.........
#........†.).# #..††)....
l..##.†.........####.........
..........(........##.........
.....##..........#....########
..... #..........###....#


You could see an iguana.

Vanquished Creatures
  3 adders (D:2)
  An ooze (D:1)
  3 worms
  2 dart slugs (D:1)
  3 leopard geckos
  A ball python (D:2)
  8 bats
  5 giant cockroaches
  3 goblins
  7 hobgoblins
  9 kobolds
  A quokka (D:2)
  3 frilled lizards (D:1)
  A quokka skeleton (D:2)
  8 rats
58 creatures vanquished.

Notes
Turn   | Place    | Note
-------+----------+-------------------------------------------
     0 | D:1      | joklet the Deep Elf Conjurer began the quest for the Orb.
     0 | D:1      | Reached XP level 1. HP: 10/10 MP: 6/6
   162 | D:1      | Reached skill level 4 in Spellcasting
   162 | D:1      | Reached XP level 2. HP: 15/15 MP: 5/9
   166 | D:1      | Learned a level 2 spell: Searing Ray
   630 | D:1      | Reached XP level 3. HP: 19/19 MP: 2/11
   832 | D:2      | Reached skill level 5 in Spellcasting
  1036 | D:2      | Found a faded altar of an unknown god.
  1282 | D:2      | Reached XP level 4. HP: 24/24 MP: 6/13
  1316 | D:2      | Reached skill level 6 in Spellcasting
  2044 | D:3      | Slain by an iguana

Skill      XL: |  1  2  3  4 |
---------------+-------------+-----
Spellcasting   | 4 5 6 |  6.5
Dodging        | |  2.4
Stealth        | |  2.4
Conjurations   | |  4.3

Action                   |  1- 3 |  4- 6 || total
-------------------------+-------+-------++-------
Melee: Unarmed           |       |     3 ||     3
 Cast: Magic Dart        |    82 |    27 ||   109
       Searing Ray       |     2 |     6 ||     8
  Use: Scroll            |       |     2 ||     2
  Eat: Chunk             |     1 |     2 ||     3
Armor: Robe              |     4 |     5 ||     9
Dodge: Dodged            |     6 |     9 ||    15
